[Event "Slovakian ECo-C Extraliga 2024-25"]
[Site "Slovakia"]
[Date "2024.11.24"]
[Round "2.6"]
[White "Briestensky, Rastislav"]
[Black "Pacher, Milan"]
[Result "0-1"]
[Annotator "RC"]
[ECO "D02"]
[WhiteElo "2263"]
[BlackElo "2310"]
[PlyCount "104"]
[EventDate "2024.09.12"]
[EventType "team-tourn"]
[EventCountry "SVK"]
[SourceTitle "playchess.com"]
[Source "ChessBase"]
[SourceQuality "1"]
[TimeControl "5400+30"]

1. d4 d5 2. Nf3 Nf6 3. c4 e6 4. e3 Bd6 5. Nc3 O-O 6. Bd3 b6 7. e4 dxe4 8. Nxe4 Bb4+ 9. Bd2 Bxd2+ 10. Qxd2 Bb7 11. Qe3 Nbd7 12. O-O c5 13. dxc5 Nxc5 14. Nxc5 bxc5 15. Rfd1 Qb6 16. Rd2 Rad8 17. Rad1 Bxf3 18. Qxf3 Rd4 19. Bf1 e5 20. Rxd4 cxd4 21. Qa3 a5 22. c5 Qb4 23. Qxb4 axb4 24. f4 Ne4 25. c6 f6 26. fxe5 fxe5 27. Re1 Nd6 28. Rxe5 Rc8 29. Rc5 Kf8 30. Bd3 h6 31. a4 bxa3 32. bxa3 Ke7 33. a4 Nf7 34. Be4 Ng5 35. Bd3 Kd6 36. Rc4 Kd5 37. h4 Ne4 38. Rc2 Nc5 39. Bb5 d3 40. Rc1 g5 41. hxg5 hxg5 42. Kf2 Rf8+ 43. Ke3 Re8+ 44. Kf3 Rf8+ 45. Ke3 Re8+ 46. Kf2 d2 47. Rd1 Ne4+ 48. Kf3 Kd4 49. g3 Rf8+ 50. Kg2 Ke3 51. c7 Rc8 52. Rf1 Nf2 0-1

[Event "Slovakian ECo-C Extraliga 2024-25"]
[Site "Slovakia"]
[Date "2024.11.24"]
[Round "2.6"]
[White "Vojtek, Vladimir"]
[Black "Kantorik, Marian"]
[Result "*"]
[Annotator "RC"]
[ECO "D32"]
[WhiteElo "2245"]
[BlackElo "2165"]
[PlyCount "21"]
[EventDate "2024.09.12"]
[EventType "team-tourn"]
[EventCountry "SVK"]
[SourceTitle "playchess.com"]
[Source "ChessBase"]
[SourceQuality "1"]
[TimeControl "5400+30"]

1. d4 d5 2. c4 e6 3. Nc3 c5 4. cxd5 exd5 5. Nf3 Nf6 6. Bg5 Be6 7. g3 Nc6 8. Bg2 h6 9. Bxf6 Qxf6 10. O-O cxd4 11. Nb5 *

[Event "Slovakian ECo-C Extraliga 2024-25"]
[Site "Slovakia"]
[Date "2024.11.24"]
[Round "2.6"]
[White "Lisko, Frantisek"]
[Black "Rucek, Kristian"]
[Result "0-1"]
[Annotator "RC"]
[ECO "D32"]
[WhiteElo "2160"]
[BlackElo "2172"]
[PlyCount "74"]
[EventDate "2024.09.12"]
[EventType "team-tourn"]
[EventCountry "SVK"]
[SourceTitle "playchess.com"]
[Source "ChessBase"]
[SourceQuality "1"]
[TimeControl "5400+30"]

1. d4 d5 2. c4 e6 3. Nc3 c5 4. cxd5 exd5 5. Nf3 Nf6 6. Bg5 Be6 7. g3 Nc6 8. Bg2 h6 9. Bxf6 Qxf6 10. O-O cxd4 11. Nb5 Rc8 12. Nbxd4 Bc5 13. Nxc6 Rxc6 14. b4 Bxb4 15. Rb1 Bc5 16. Rxb7 O-O 17. Qa4 Rfc8 18. Nd2 Bb6 19. Rb8 Rxb8 20. Qxc6 Rc8 21. Qb5 Rc2 22. Nb3 Rxa2 23. Nc1 Ra1 24. e3 d4 25. e4 Qg5 26. Qb2 Qa5 27. Nd3 Ra2 28. Qb1 Bc4 29. Rc1 Bxd3 30. Rc8+ Kh7 31. Qxd3 Qe1+ 32. Qf1 Ra1 33. Rc2 d3 34. Rd2 Qxd2 35. Qxa1 Qxf2+ 36. Kh1 d2 37. Qd1 Qe1+ 0-1

[Event "Slovakian ECo-C Extraliga 2024-25"]
[Site "Slovakia"]
[Date "2024.11.24"]
[Round "2.6"]
[White "Skreko, Igor"]
[Black "Jurcik, Martin"]
[Result "1/2-1/2"]
[Annotator "RC"]
[ECO "B01"]
[WhiteElo "2157"]
[BlackElo "2361"]
[PlyCount "75"]
[EventDate "2024.09.12"]
[EventType "team-tourn"]
[EventCountry "SVK"]
[SourceTitle "playchess.com"]
[Source "ChessBase"]
[SourceQuality "1"]
[TimeControl "5400+30"]

1. e4 d5 2. exd5 Nf6 3. d4 Nxd5 4. Nf3 Bg4 5. Be2 e6 6. h3 Bh5 7. O-O Be7 8. c4 Nb6 9. Be3 O-O 10. Nbd2 N8d7 11. Rc1 c5 12. Nb3 Qc7 13. d5 e5 14. Nfd2 Bg6 15. Nb1 Na4 16. Qd2 Bd6 17. Nc3 Nxc3 18. Rxc3 Rae8 19. Nc1 e4 20. f4 exf3 21. Bxf3 Nf6 22. Ne2 Ne4 23. Bxe4 Rxe4 24. Bf4 Rfe8 25. Bxd6 Qxd6 26. Ng3 R4e7 27. Rcf3 b6 28. h4 h6 29. h5 Bh7 30. a3 f6 31. b4 Re5 32. Qc3 R8e7 33. b5 Kf7 34. a4 Rg5 35. Re1 Rge5 36. Ref1 Rg5 37. Re1 Rge5 38. Ref1 1/2-1/2

[Event "Slovakian ECo-C Extraliga 2024-25"]
[Site "Slovakia"]
[Date "2024.11.24"]
[Round "2.6"]
[White "Bochnickova, Andrea"]
[Black "Borhy, Marcell"]
[Result "1-0"]
[Annotator "TA"]
[ECO "B53"]
[WhiteElo "2004"]
[BlackElo "2356"]
[PlyCount "121"]
[EventDate "2024.09.12"]
[EventType "team-tourn"]
[EventCountry "SVK"]
[SourceTitle "playchess.com"]
[Source "ChessBase"]
[SourceQuality "1"]
[TimeControl "5400+30"]

1. e4 c5 2. Nf3 d6 3. d4 cxd4 4. Qxd4 Nc6 5. Bb5 Bd7 6. Bxc6 Bxc6 7. c4 Nf6 8. Nc3 g6 9. O-O Bg7 10. Qd3 O-O 11. Nd4 Rc8 {[%emt 0:02:05] 11...Rc8 is better than 11...Qb6.} 12. b3 {[%emt 0:03:01] B53: Sicilian: 2...d6: Lines with Qxd4.} a6 13. a4 Nd7 $146 ({Predecessor:} 13... Qa5 14. Bd2 Qc7 15. Rac1 Nd7 16. b4 Ne5 17. Qe2 Rfd8 18. Nb3 Be8 19. a5 {½-½ Hasangatin,R (2465)-Grebnev,A (2447) Novorossiysk Small Land Blitz 2022 (12)}) 14. Rb1 Nc5 15. Qe3 Ne6 16. Nxe6 fxe6 17. Bb2 Qa5 18. Qh3 Bd7 19. Nd5 Rf7 20. Bxg7 (20. Bc3 {simplifies} Bxc3 21. Qxc3 Qxc3 22. Nxc3 b5 23. axb5 axb5 24. Nxb5 Bxb5 25. cxb5 Rb8 26. Rfc1) 20... Kxg7 21. b4 Qd8 $1 22. Qc3+ Kg8 23. Ne3 Bxa4 24. Ng4 Qf8 25. Qe3 Kh8 26. Nh6 (26. Qa3 $11 Bd7 27. Ne3) 26... Rf4 $17 27. f3 Rxc4 ({Black should play} 27... Rh4 $17 28. Ng4 (28. Qc3+ $2 Qg7 $19) 28... Rxc4) 28. g3 $11 Rf6 29. e5 (29. Ng4 $11 {keeps the balance.}) 29... dxe5 $17 30. Ng4 $1 {[%emt 0:00:44] [#]} Qb8 (30... Qd8 $1 $17 31. Rfc1 Rxg4 32. fxg4 Qd4 33. Qxd4 exd4) 31. Nxe5 $11 Rc8 32. Ng4 Rf5 33. Qxe6 Rcf8 34. f4 (34. Qxe7 $2 Re8 35. Qh4 Qa7+ 36. Kg2 Bc6 $19) (34. Qa2 {with more complications.} h5 35. Qxa4 hxg4 36. Qa1+) 34... Qd6 35. Rfe1 Bc6 (35... g5 $15 {is more appropriate.} 36. Qxd6 exd6) 36. Qxd6 exd6 37. Rbd1 ({White should try} 37. Ne3 $15 Rb5 38. Nc4) 37... Bf3 $1 $17 38. Ne3 Bxd1 39. Nxf5 Rxf5 40. Rxd1 Rb5 41. Rd4 Kg7 42. Kf2 Kf7 43. Rxd6 (43. g4 $17) 43... Rxb4 $19 44. Rd7+ {[%emt 0:00:00] [#]} Kf6 $1 45. Rxh7 a5 46. Rh8 {[%emt 0:00:00] [#]} a4 $1 47. Ra8 b5 48. Kf3 Rb3+ 49. Kg4 $2 (49. Ke4 $17) 49... a3 $19 50. Ra6+ Kf7 $2 ({Better is} 50... Ke7 $19 51. Kg5 b4 52. Kxg6 Rb2) 51. Kg5 $11 b4 52. Ra7+ Ke8 53. Kxg6 Rb2 54. f5 $1 Rxh2 (54... a2 $5 55. f6 $8 Rf2 56. f7+ Kf8 57. Ra8+ Ke7 58. Ra7+ Kf8 59. Ra8+ Ke7 60. Ra7+ Kf8 $11) 55. f6 Rf2 56. Kg7 a2 $2 (56... Rf5 $11 57. Re7+ (57. f7+ $2 Rxf7+ 58. Rxf7 b3 $19) 57... Kd8) 57. Rxa2 $1 Rxa2 58. f7+ Kd7 59. f8=Q (59. f8=B {leads to mate.} b3 60. Kh6 b2 61. Bg7 b1=Q (61... b1=R {is a self mate.} 62. Kg5 Ra4 63. Kf6 Rb5 64. Bh6 Ra6+ 65. Kg7 Re5 66. Kh7 Rh5 67. Kg8 Rhxh6 68. g4 Ke7 69. Kg7 Rag6#) 62. Kg5 Qe4 63. Bf6 Ra5+) 59... Ra4 60. Qb8 Ra3 61. g4 1-0

[Event "Slovakian ECo-C Extraliga 2024-25"]
[Site "Slovakia"]
[Date "2024.11.24"]
[Round "2.7"]
[White "Farkas, Gabor"]
[Black "Krak, Tomas"]
[Result "1/2-1/2"]
[Annotator "RC"]
[ECO "A58"]
[WhiteElo "2314"]
[BlackElo "2229"]
[PlyCount "45"]
[EventDate "2024.09.12"]
[EventType "team-tourn"]
[EventCountry "SVK"]
[SourceTitle "playchess.com"]
[Source "ChessBase"]
[SourceQuality "1"]
[TimeControl "5400+30"]

1. d4 Nf6 2. c4 c5 3. d5 b5 4. cxb5 a6 5. bxa6 g6 6. Nc3 Bg7 7. e4 O-O 8. Nf3 Qa5 9. Bd2 Bxa6 10. Bxa6 Qxa6 11. Qe2 e6 12. Qxa6 Nxa6 13. O-O exd5 14. exd5 Nb4 15. Be3 Rfc8 16. Rfd1 Nc2 17. Rab1 Nxe3 18. fxe3 Ng4 19. e4 Re8 20. Re1 Ne5 21. Re2 Nd3 22. g3 Ra5 23. Ne1 1/2-1/2

[Event "Slovakian ECo-C Extraliga 2024-25"]
[Site "Slovakia"]
[Date "2024.11.24"]
[Round "2.7"]
[White "Stevik, Patrik"]
[Black "Petran, Peter"]
[Result "1-0"]
[Annotator "RC"]
[ECO "D18"]
[WhiteElo "2298"]
[BlackElo "2150"]
[PlyCount "67"]
[EventDate "2024.09.12"]
[EventType "team-tourn"]
[EventCountry "SVK"]
[SourceTitle "playchess.com"]
[Source "ChessBase"]
[SourceQuality "1"]
[TimeControl "5400+30"]

1. d4 Nf6 2. c4 c6 3. Nc3 d5 4. Nf3 dxc4 5. a4 Bf5 6. e3 e6 7. Bxc4 h6 8. h3 Nbd7 9. O-O Be7 10. Qe2 Ne4 11. Nxe4 Bxe4 12. Bd2 O-O 13. b4 Bd6 14. Bc3 Qe7 15. Nd2 Bg6 16. Bd3 Bxd3 17. Qxd3 f5 18. b5 Rac8 19. Nc4 Bb8 20. Rab1 c5 21. d5 e5 22. d6 Qe6 23. Rfd1 e4 24. Qd5 Qxd5 25. Rxd5 g6 26. b6 axb6 27. Nxb6 Rcd8 28. Nc4 Nf6 29. Bxf6 Rxf6 30. Rxb7 Bxd6 31. Rb6 Bc7 32. Rxd8+ Bxd8 33. Rxf6 Bxf6 34. a5 1-0

[Event "Slovakian ECo-C Extraliga 2024-25"]
[Site "Slovakia"]
[Date "2024.11.24"]
[Round "2.7"]
[White "Varga, Zoltan"]
[Black "Striskova, Lucia"]
[Result "1-0"]
[Annotator "RC"]
[ECO "A28"]
[WhiteElo "2290"]
[BlackElo "2051"]
[PlyCount "103"]
[EventDate "2024.09.12"]
[EventType "team-tourn"]
[EventCountry "SVK"]
[SourceTitle "playchess.com"]
[Source "ChessBase"]
[SourceQuality "1"]
[TimeControl "5400+30"]

1. c4 Nf6 2. Nc3 e5 3. Nf3 Nc6 4. a3 d5 5. cxd5 Nxd5 6. Qc2 Be7 7. e4 Nf4 8. d4 exd4 9. Bxf4 dxc3 10. Rd1 Bd7 11. Qxc3 O-O 12. Bc4 Qc8 13. O-O a6 14. Bd5 Bf6 15. e5 Be7 16. Rc1 Bd8 17. Rfd1 Ne7 18. Be4 Ng6 19. Bg3 c6 20. Qd3 Be6 21. h3 Be7 22. Nd4 Rd8 23. Qf3 Bd5 24. Bxd5 Rxd5 25. Qxd5 cxd5 26. Rxc8+ Rxc8 27. Nf5 Rd8 28. Nd6 Nxe5 29. Nxb7 Rd7 30. Bxe5 Rxb7 31. Rxd5 f6 32. Bc3 Kf7 33. f4 Rb5 34. Rxb5 axb5 35. f5 Bc5+ 36. Kf1 Ke7 37. Ke2 Kd6 38. Kd3 Kd5 39. g4 Bd6 40. Bd2 Be7 41. Bc1 g6 42. fxg6 hxg6 43. b3 f5 44. a4 bxa4 45. bxa4 Bd8 46. gxf5 gxf5 47. Bd2 Ke5 48. a5 f4 49. a6 Bb6 50. Bc3+ Kd5 51. h4 f3 52. h5 1-0

[Event "Slovakian ECo-C Extraliga 2024-25"]
[Site "Slovakia"]
[Date "2024.11.24"]
[Round "2.7"]
[White "Vojtek, Vladimir"]
[Black "Kantorik, Marian"]
[Result "1-0"]
[Annotator "RC"]
[ECO "B22"]
[WhiteElo "2245"]
[BlackElo "2165"]
[PlyCount "113"]
[EventDate "2024.09.12"]
[EventType "team-tourn"]
[EventCountry "SVK"]
[SourceTitle "playchess.com"]
[Source "ChessBase"]
[SourceQuality "1"]
[TimeControl "5400+30"]

1. e4 c5 2. c3 d6 3. d4 Nf6 4. dxc5 Nc6 5. f3 dxc5 6. Qxd8+ Nxd8 7. Be3 e5 8. Na3 Be7 9. O-O-O O-O 10. Ne2 Be6 11. Ng3 g6 12. Bh6 Re8 13. Bb5 Nc6 14. Nc4 Red8 15. b3 Bxc4 16. Bxc4 Na5 17. Be2 Rxd1+ 18. Rxd1 Rd8 19. Rxd8+ Bxd8 20. Nf1 Be7 21. Ne3 Bf8 22. Bg5 Kg7 23. Nd5 Nd7 24. Kc2 Bd6 25. Bb5 Nc6 26. Kd3 f6 27. Bh4 a6 28. Bxc6 bxc6 29. Ne3 Kf7 30. g4 Ke6 31. Bf2 Bc7 32. Nc4 Bd8 33. h3 Bc7 34. Nb2 f5 35. Na4 Bd6 36. Be3 fxe4+ 37. fxe4 h5 38. g5 Be7 39. h4 Kd6 40. Kc4 Kc7 41. Bxc5 Bd8 42. b4 Kb7 43. Bd6 Nb6+ 44. Nxb6 Bxb6 45. Bc5 Bc7 46. a4 Bb8 47. Kd3 Bc7 48. Bf2 Bd6 49. Kc2 Bc7 50. Bc5 Bb8 51. Kb3 Bc7 52. c4 a5 53. Be7 axb4 54. c5 Kc8 55. Kxb4 Kb7 56. Bd6 Bb8 57. a5 1-0

[Event "Slovakian ECo-C Extraliga 2024-25"]
[Site "Slovakia"]
[Date "2024.11.24"]
[Round "2.8"]
[White "Elias, David"]
[Black "Urhegyi, Marton"]
[Result "1/2-1/2"]
[Annotator "RC"]
[ECO "A50"]
[WhiteElo "2255"]
[BlackElo "2227"]
[PlyCount "35"]
[EventDate "2024.09.12"]
[EventType "team-tourn"]
[EventCountry "SVK"]
[SourceTitle "playchess.com"]
[Source "ChessBase"]
[SourceQuality "1"]
[TimeControl "5400+30"]

1. d4 Nf6 2. c4 b6 3. Nc3 Bb7 4. Qc2 d5 5. cxd5 Nxd5 6. e4 Nxc3 7. bxc3 e6 8. Nf3 Be7 9. Bb5+ c6 10. Bd3 c5 11. O-O cxd4 12. Bb5+ Bc6 13. Bxc6+ Nxc6 14. cxd4 Rc8 15. Bb2 O-O 16. Qa4 Na5 17. Rac1 Qe8 18. Qxe8 1/2-1/2

[Event "Slovakian ECo-C Extraliga 2024-25"]
[Site "Slovakia"]
[Date "2024.11.24"]
[Round "2.8"]
[White "Zetocha, Adrian"]
[Black "Bango, Lukas"]
[Result "1/2-1/2"]
[Annotator "ChessBase"]
[ECO "D32"]
[WhiteElo "2186"]
[BlackElo "2216"]
[PlyCount "61"]
[EventDate "2024.09.12"]
[EventType "team-tourn"]
[EventCountry "SVK"]
[SourceTitle "playchess.com"]
[Source "ChessBase"]
[SourceQuality "1"]
[TimeControl "5400+30"]

1. d4 d5 2. c4 e6 3. Nc3 c5 4. cxd5 cxd4 5. Qa4+ Bd7 6. Qxd4 exd5 7. Qxd5 Nc6 8. e3 Nf6 9. Qb3 Bd6 10. Nf3 O-O 11. Be2 a6 12. O-O Be6 13. Qc2 Nb4 14. Qb1 Rc8 15. e4 Qc7 16. Bg5 Ng4 17. h3 Ne5 18. Rc1 Qa5 19. Bh4 Nxf3+ 20. Bxf3 g5 21. Bg3 Bxg3 22. fxg3 Qe5 23. Kh2 g4 24. hxg4 Rc6 25. Nd5 Bxd5 26. Rxc6 Bxc6 27. a3 Qd6 28. axb4 Qh6+ 29. Kg1 Qe3+ 30. Kh2 Qh6+ 31. Kg1 1/2-1/2

[Event "Slovakian ECo-C Extraliga 2024-25"]
[Site "Slovakia"]
[Date "2024.11.24"]
[Round "2.8"]
[White "Pericka, Tomas"]
[Black "Zvarik, Martin"]
[Result "1/2-1/2"]
[Annotator "NA RC"]
[ECO "C25"]
[WhiteElo "2035"]
[BlackElo "2149"]
[PlyCount "38"]
[EventDate "2024.09.12"]
[EventType "team-tourn"]
[EventCountry "SVK"]
[SourceTitle "playchess.com"]
[Source "ChessBase"]
[SourceQuality "1"]
[TimeControl "5400+30"]

1. e4 e5 2. Nc3 d6 3. Bc4 Be6 4. d3 Nf6 5. Be3 Nc6 6. Nh3 d5 7. exd5 Nxd5 8. Nxd5 Bxd5 9. Bxd5 Qxd5 10. O-O O-O-O 11. f4 Bc5 12. Qf3 Qxf3 13. Rxf3 Nd4 14. Bxd4 Bxd4+ 15. Kf1 Bxb2 16. Rb1 Bd4 17. fxe5 Bxe5 18. Ng5 Rd7 19. Nxf7 Re8 1/2-1/2

[Event "Slovakian ECo-C Extraliga 2024-25"]
[Site "Slovakia"]
[Date "2024.11.24"]
[Round "2.8"]
[White "Benci, Jozef"]
[Black "Csonka, Attila Istvan"]
[Result "0-1"]
[Annotator "RC"]
[ECO "A05"]
[WhiteElo "1977"]
[BlackElo "2271"]
[PlyCount "164"]
[EventDate "2024.09.12"]
[EventType "team-tourn"]
[EventCountry "SVK"]
[SourceTitle "playchess.com"]
[Source "ChessBase"]
[SourceQuality "1"]
[TimeControl "5400+30"]

1. Nf3 Nf6 2. c4 e6 3. g3 d5 4. b3 c5 5. e3 Nc6 6. Bb2 Be7 7. Bg2 O-O 8. O-O dxc4 9. bxc4 Qc7 10. Nc3 a6 11. Qe2 Rd8 12. Rfd1 e5 13. h3 h6 14. d3 Be6 15. e4 Nd4 16. Nxd4 cxd4 17. Nd5 Bxd5 18. exd5 Bd6 19. Rdc1 b6 20. a4 Rab8 21. Qd2 a5 22. Ba3 Bxa3 23. Rxa3 Qd6 24. Rb3 Nd7 25. Rbb1 Nc5 26. Qc2 f5 27. Re1 Rf8 28. Qe2 Rbe8 29. Qd1 Qf6 30. f3 Qg6 31. Kh2 f4 32. g4 Nxd3 33. Qc2 Rf6 34. Red1 Nc5 35. Qxg6 Rxg6 36. Ra1 Rd6 37. h4 Kf7 38. Ra3 g5 39. h5 Re7 40. Re1 Kf6 41. Kg1 Na6 42. Bf1 Rc7 43. Rb3 Nc5 44. Ra3 d3 45. Rc1 e4 46. fxe4 d2 47. Rd1 Nxe4 48. Bd3 Ke5 49. Kg2 f3+ 50. Kxf3 Rf6+ 51. Ke2 Rf2+ 52. Ke3 Rf4 53. Be2 Nd6 54. Rc3 Nxc4+ 55. Bxc4 Rcxc4 56. Rxc4 Rxc4 57. Rxd2 Rxg4 58. d6 Re4+ 59. Kf3 Rf4+ 60. Kg3 Rf8 61. Rb2 Rd8 62. Rxb6 Rxd6 63. Rb5+ Rd5 64. Rb6 Rd3+ 65. Kg2 Rd6 66. Rb5+ Kf4 67. Rxa5 Rd2+ 68. Kf1 Kg4 69. Ra8 Kxh5 70. a5 Ra2 71. a6 Kg4 72. a7 h5 73. Kg1 h4 74. Rb8 Rxa7 75. Rb4+ Kh5 76. Kg2 Ra2+ 77. Kg1 h3 78. Rb3 Kh4 79. Rb4+ g4 80. Rb8 Ra1+ 81. Kf2 g3+ 82. Kf3 Rf1+ 0-1